 Dungeon Crawl Stone Soup version 0.30-a0-691-g754fce4c43 (webtiles) character file.

Game seed: 679555979679544817

74 Nedwor the Cutter (level 4, -9/34 HPs)
             Began as a Demonspawn Gladiator on Jan 19, 2023.
             Killed from afar by Ijyb (16 damage)
             ... with a bolt of light
             ... on level 3 of the Dungeon.
             The game lasted 00:03:08 (1559 turns).

Nedwor the Cutter (Demonspawn Gladiator)            Turns: 1559, Time: 00:03:09

Health: -9/34      AC: 11    Str: 17    XL:     4   Next: 9%
Magic:  4/4        EV:  5    Int: 11    God:
Gold:   137        SH:  0    Dex: 14    Spells: 3/3 levels left

rFire   + . .      SeeInvis .    a - +0 rapier
rCold   + . .      Faith    .    (no shield)
rNeg    . . .      Spirit   .    o - +0 plate armour
rPois   .          Reflect  .    c - +0 helmet
rElec   .          Harm     .    p - scarf {rC+ rF+}
rCorr   .          Rampage  .    (no gloves)
Will    .....                    (no boots) Stlth
                                 (no amulet)
HPRegen 0.25/turn                h - ring of flight
MPRegen 0.09/turn                (no ring)

@: confused, flying
A: spiny 1, big brain 1, weakness stinger 1
a: no special abilities


You were on level 3 of the Dungeon.
You visited 1 branch of the dungeon, and saw 3 of its levels.

You collected 137 gold pieces.

Inventory:

Hand Weapons
 a - a +0 rapier (weapon)
Missiles
 d - 3 throwing nets (quivered)
 e - a javelin
Armour
 c - a +0 helmet (worn)
 o - a +0 plate armour (worn)
 p - a scarf of resistance (worn)
Jewellery
 h - a ring of flight (left hand)
Wands
 n - a wand of charming (4)
Scrolls
 b - a scroll of poison {unknown}
 i - a scroll of amnesia {unknown}
 j - a scroll of immolation {unknown}
 l - 3 scrolls of identify {unknown}
 m - 2 scrolls of teleportation {unknown}
Potions
 f - 2 potions of brilliance {unknown}
 g - a potion of haste {unknown}
 k - 2 potions of attraction {unknown}


   Skills:
 + Level 2.5 Fighting
 * Level 3.5 Short Blades
 - Level 1.7 Throwing
 + Level 1.2 Armour
 + Level 3.1 Dodging


You had 3 spell levels left.
You didn't know any spells.
Your spell library contained the following spells:

 Spells                   Type           Power      Damage    Failure   Level
 Freeze                   Ice            0%         1d3       100%        1
 Frozen Ramparts          Ice            0%         1d1       100%        3
 Hailstorm                Conj/Ice       0%         3d3       100%        3


Dungeon Overview and Level Annotations

Branches:
Dungeon (3/15)

Altars:
Dithmenos

Annotations:
D:3 Ijyb


Innate Abilities, Weirdness & Mutations

You are partially covered in sharp spines.
You have an unusually large brain. (Int +2)
You have a small tail.


Message History

You are too injured to fight recklessly!
You are too injured to fight recklessly!
You are too injured to fight recklessly!
You are too injured to fight recklessly!
You are too injured to fight recklessly!
You are too injured to fight recklessly!
You are too injured to fight recklessly!
You are too injured to fight recklessly!
You are too injured to fight recklessly!
You are too injured to fight recklessly!
You are too injured to fight recklessly!
You are too injured to fight recklessly!
You are too injured to fight recklessly!
You are too injured to fight recklessly!
You are too injured to fight recklessly!
You hit Ijyb. You tail-slap Ijyb, but do no damage.
Ijyb is moderately wounded.
Ijyb is struck by your spines. Ijyb hits you with a +0 club.
You closely miss Ijyb. Your punch misses Ijyb.
Ijyb is heavily wounded.
Ijyb hits you but does no damage.
You hit Ijyb but do no damage.
Ijyb is heavily wounded.
Ijyb hits you with a +0 club.
You hit Ijyb but do no damage.
Ijyb is heavily wounded.
Ijyb hits you but does no damage.
You hit Ijyb but do no damage.
Ijyb is heavily wounded.
Ijyb screams, "No!
No, no, no, no!"
Ijyb is struck by your spines. Ijyb hits you with a +0 club.
* * * LOW HITPOINT WARNING * * *
You hit Ijyb but do no damage.
Ijyb is severely wounded.
Ijyb hits you but does no damage.
You hit Ijyb.
Ijyb is almost dead.
Ijyb zaps a wand.
The bolt of light hits you!
You are confused.
You die...

.# ###.#
..#.# .#
#.#.# .#
#.#.# ..#
#g#.# ..#
##@#.##..#
#........#
##......##
####.###
#....#
##...#
###>## #..##
##..########


You could see Ijyb.

Vanquished Creatures
  Natasha (D:2)
  An adder (D:2)
  A worm (D:2)
  2 dart slugs
  A bat (D:1)
  5 endoplasms
  A giant cockroach (D:3)
  3 goblins (D:1)
  5 hobgoblins
  3 kobolds
  2 quokkas
  2 ball pythons (D:1)
  2 frilled lizards
  2 rats
31 creatures vanquished.

Notes
Turn   | Place    | Note
-------+----------+-------------------------------------------
     0 | D:1      | Nedwor the Demonspawn Gladiator began the quest for the
                  | Orb.
     0 | D:1      | Reached XP level 1. HP: 16/16 MP: 1/1
   211 | D:1      | Gained mutation: You are partially covered in sharp spines.
                  | [demonic ancestry]
   211 | D:1      | Reached XP level 2. HP: 22/22 MP: 2/2
   891 | D:2      | Gained mutation: You have a small tail. [demonic ancestry]
   891 | D:2      | Reached XP level 3. HP: 19/28 MP: 3/3
  1070 | D:2      | Noticed Natasha
  1077 | D:2      | Killed Natasha
  1078 | D:2      | Reached skill level 1 in Armour
  1193 | D:2      | Gained mutation: You have an unusually large brain. (Int
                  | +2) [demonic ancestry]
  1193 | D:2      | Reached XP level 4. HP: 34/34 MP: 4/4
  1273 | D:2      | Found a shadowy altar of Dithmenos.
  1550 | D:3      | Noticed Ijyb
  1559 | D:3      | Killed from afar by Ijyb

Illustrated notes

Levels and vault maps discovered:
D:1:      mrwooster_arrival_arrow, layout_loops_ring
D:2:      layout_basic, basic_altar, uniq_natasha
D:3:      minmay_inner_zag, layout_loops_ring,
          hellmonk_okawaru_the_only_friend_you_need,
          mainiacjoe_overflow_alcove_2, minmay_misc_feat_secret_circle,
          grunt_ministairs_11, minmay_misc_feat_hallway, minmay_circle_x,
          uniq_ijyb

Skill      XL: |  1  2  3 |
---------------+----------+-----
Short Blades   | 3 |  3.5
Dodging        | 3 |  3.1
Armour         | 1 |  1.2
Fighting       | |  2.5
Throwing       | |  1.7

Action                   |  1- 3 |  4- 6 || total
-------------------------+-------+-------++-------
Melee: Rapier            |    80 |    12 ||    92
       Tailslap          |     1 |     1 ||     2
 Stab: Sleeping          |     2 |       ||     2
Armor: Leather armour    |    20 |       ||    20
       Plate armour      |       |     6 ||     6
Dodge: Dodged            |    45 |     1 ||    46

Table legend: (Time is in decaauts)
 A = Elapsed time spent in this place.
 B = Non-inter-level travel time spent in this place.
 C = Inter-level travel time spent in this place.
 D = Time resting spent in this place.
 E = Time spent auto-exploring this place.
 F = Levels seen in this place.
 G = Mean time per level.
                   A        B        C        D        E       F      G
               +--------+--------+--------+--------+--------+-----+--------+
         Total |   1567 |   1517 |     50 |      0 |   1258 |   3 |  522.3 |
       Dungeon |   1567 |   1517 |     50 |      0 |   1258 |   3 |  522.3 |
               +--------+--------+--------+--------+--------+-----+--------+

Top non-repeatable levels by time:
     D:1: 870 daAuts
     D:2: 550 daAuts
     D:3: 146 daAuts
